 Dungeon Crawl Stone Soup version 0.27-a0-637-g3a9f0a9c12 (webtiles) character file.

Game seed: 2577602360721957166

49 jestyr24 the Slasher (level 3, -3/34 HPs)
             Began as a Minotaur Berserker on Mar 15, 2021.
             Was a Follower of Trog.
             Slain by Crazy Yiuf
             ... wielding a +2 quarterstaff of chaos
              (10 damage)
             ... on level 2 of the Dungeon.
             The game lasted 00:03:57 (923 turns).

jestyr24 the Slasher (Minotaur Berserker)            Turns: 923, Time: 00:03:57

Health: -3/34      AC:  6    Str: 28    XL:     3   Next: 53%
Magic:  2/2        EV: 11    Int:  4    God:    Trog [*.....]
Gold:   85         SH:  0    Dex:  9    Spells: 2/2 levels left

rFire    . . .     SeeInvis .   a - +0 falchion
rCold    . . .     Faith    .   (no shield)
rNeg     . . .     Spirit   .   h - +0 ring mail
rPois    .         Reflect  .   (helmet restricted)
rElec    .         Harm     .   n - +0 cloak
rCorr    .         Rampage  .   (no gloves)
Will     .....                  (no boots)
Stlth    ..........             (no amulet)
HPRegen  0.11/turn              k - +6 ring of strength
MPRegen  0.08/turn              (no ring)

@: lethally poisoned (-3 -> -12)
A: horns 2, retaliatory headbutt
a: Renounce Religion, Berserk


You were on level 2 of the Dungeon.
You worshipped Trog.
Trog was aware of your devotion.
You visited 1 branch of the dungeon, and saw 2 of its levels.

You collected 85 gold pieces.

Inventory:

Hand Weapons
 a - a +0 falchion (weapon)
Missiles
 f - 6 poisoned darts
 g - 2 stones
Armour
 h - a +0 ring mail (worn)
 n - a +0 cloak (worn)
Jewellery
 k - a +6 ring of strength (right hand)
Wands
 p - a wand of flame (9)
Scrolls
 b - a scroll of blinking {unknown}
 c - 3 scrolls of teleportation {unknown}
 j - a scroll of identify {unknown}
 o - a scroll of amnesia {unknown}
Potions
 d - a potion of might {unknown}
 e - 2 potions of heal wounds {unknown}
 i - a potion of curing {unknown}
 l - a potion of resistance
 m - a potion of degeneration {unknown}


   Skills:
 + Level 4.4 Fighting
 + Level 4.5 Long Blades
 + Level 2.7 Armour
 + Level 2.5 Dodging


You had 2 spell levels left.
You didn't know any spells.
Your spell library was empty.

Dungeon Overview and Level Annotations

Branches:
Dungeon (1/15)

Altars:

Annotations:
D:2 Crazy Yiuf


Innate Abilities, Weirdness & Mutations

You have a pair of horns on your head.
You reflexively headbutt those who attack you in melee.


Message History

The adder bites you but does no damage. The adder bites you.
You slash the adder!
You kill the adder!
Trog accepts your kill.
You see here an adder corpse.
Found a stone staircase leading down.
You now have 85 gold pieces (gained 12).
Found a stone staircase leading up.
Found a stone staircase leading down.
Found a mace.
Found a runed translucent door.
Crazy Yiuf shouts!
You open the door.
Crazy Yiuf drinks a potion.
Crazy Yiuf suddenly seems more resistant.
Crazy Yiuf hits you with a +2 quarterstaff of chaos!
Crazy Yiuf freezes you.
There is an open translucent door, spattered with blood here.
You hit Crazy Yiuf but do no damage.
Crazy Yiuf hits you with a +2 quarterstaff of chaos.
Space bends around you.
You closely miss Crazy Yiuf. Crazy Yiuf completely misses you.
You riposte.
You barely miss Crazy Yiuf.
You headbutt Crazy Yiuf, but do no damage.
You hit Crazy Yiuf. Your headbutt misses Crazy Yiuf.
Crazy Yiuf is lightly wounded.
Crazy Yiuf yells, "Mama disdain rumpyflump!"
Crazy Yiuf hits you but does no damage.
You slash Crazy Yiuf!
Crazy Yiuf is heavily wounded.
Crazy Yiuf misses you.
You closely miss Crazy Yiuf.
Crazy Yiuf is heavily wounded.
Crazy Yiuf hits you with a +2 quarterstaff of chaos.
* * * LOW HITPOINT WARNING * * *
You are lethally poisoned!
You hit Crazy Yiuf but do no damage. Your headbutt misses Crazy Yiuf.
Crazy Yiuf is heavily wounded.
* * * LOW HITPOINT WARNING * * *
You feel sick.
Crazy Yiuf hits you with a +2 quarterstaff of chaos!
You die...

#
#....#
♣....♣
♣♣...♣
♣♣.♣♣
♣♣.♣
♣.♣♣
♣♣.♣
♣.♣♣
#@#
#.g.#
#...#
#)..#
#####


You could see Crazy Yiuf (resistant).

Vanquished Creatures
  3 adders (D:2)
  2 dart slugs (D:2)
  2 bats (D:2)
  2 goblins (D:2)
  A hobgoblin (D:2)
  4 kobolds
  3 frilled lizards
  3 rats (D:1)
20 creatures vanquished.

Notes
Turn   | Place    | Note
-------+----------+-------------------------------------------
     0 | D:1      | jestyr24 the Minotaur Berserker began the quest for the
                  | Orb.
     0 | D:1      | Reached XP level 1. HP: 19/19 MP: 0/0
   393 | D:1      | You fall into a shaft and drop 1 floor!
   409 | D:2      | Reached XP level 2. HP: 19/27 MP: 1/1
   656 | D:2      | Reached XP level 3. HP: 33/33 MP: 2/2
   912 | D:2      | Found a runed translucent door.
   913 | D:2      | Noticed Crazy Yiuf
   923 | D:2      | Slain by Crazy Yiuf

Illustrated notes

Levels and vault maps discovered:
D:1:      dpeg_arrival_rooms_c, layout_rooms, minmay_parallelograms,
          minmay_pentomino_x4
D:2:      layout_loops_ring, uniq_jessica, uniq_crazy_yiuf_cottage

Skill      XL: |  1  2 |
---------------+-------+-----
Fighting       | 4 |  4.4
Long Blades    | 4 |  4.5
Armour         | |  2.7
Dodging        | |  2.5

Action                   || total
-------------------------++-------
Melee: Falchion          ||    38
       Headbutt          ||     9
Armor: Animal skin       ||     2
       Ring mail         ||    12
Dodge: Dodged            ||    26
       Rpst.: Falchion   ||     9

Table legend: (Time is in decaauts)
 A = Elapsed time spent in this place.
 B = Non-inter-level travel time spent in this place.
 C = Inter-level travel time spent in this place.
 D = Time resting spent in this place.
 E = Time spent auto-exploring this place.
 F = Levels seen in this place.
 G = Mean time per level.
                   A        B        C        D        E       F      G
               +--------+--------+--------+--------+--------+-----+--------+
         Total |    925 |    925 |      0 |    114 |    596 |   2 |  462.5 |
       Dungeon |    925 |    925 |      0 |    114 |    596 |   2 |  462.5 |
               +--------+--------+--------+--------+--------+-----+--------+

Top non-repeatable levels by time:
     D:2: 531 daAuts
     D:1: 393 daAuts
